AoeStats
← 客官

Nomad

508449383Analyzed
4v4 RM · 10d ago on Sep 22, 2026· 49m 8s· 8 players
Game mode
Random Map
Map size
231×231
Population
200
Speed
Normal
Resources
Standard
Victory
Conquest
Starting age
Dark Age
Ending age
Imperial Age
RankedLock teamsTeams togetherTeam positionsShared explorationLock speedFull tech treeHidden civsTurbo modeCheats
Victory
Defeat
🇺🇸 Bohemians · United States
1458
+16
🇨🇦 Vikings · Canada
1430
+17
🇨🇳 Burmese · China
1373
+19
1360
+21
🇭🇰 Italians · Hong Kong SAR China
1489
-20
🇭🇰 Spanish · Hong Kong SAR China
1445
-18
🇭🇰 Britons · Hong Kong SAR China
1441
-18
🇭🇰 Celts · Hong Kong SAR China
1420
-17
Curly
13:22 Feudal Age
14:13 Double-Bit Axe
19:18 Castle Age
22:04 Chemistry
21:19 Loom
22:54 Padded Archer Armor
23:33 Wheelbarrow
24:28 Leather Archer Armor
41:44 Fletching
42:13 Bow Saw
43:02 Fishing Lines
46:56 Imperial Age
44:30 Horse Collar
48:10 Ring Archer Armor
TheWolf
13:42 Feudal Age
18:18 Castle Age
16:23 Double-Bit Axe
17:23 Fletching
21:28 Bodkin Arrow
26:49 Fishing Lines
30:19 Loom
30:20 Town Watch
38:23 Gillnets
44:30 Imperial Age
44:41 Crossbowman
45:31 Bracer
45:31 Padded Archer Armor
45:49 Arbalester
べにいろもみじ
3:45 Loom
14:32 Feudal Age
18:18 Double-Bit Axe
18:14 Horse Collar
21:00 Wheelbarrow
23:03 Castle Age
21:15 Fishing Lines
23:38 Scale Barding Armor
23:43 Forging
24:29 Husbandry
24:39 Bloodlines
26:52 Iron Casting
28:03 Chain Barding Armor
30:42 Gillnets
32:23 Hand Cart
37:47 Imperial Age
37:06 Bow Saw
36:57 Heavy Plow
36:49 Gold Mining
36:49 Stone Mining
37:25 Cavalier
38:46 Plate Barding Armor
39:11 Blast Furnace
38:07 Town Watch
39:11 Savar
客官
9:09 Loom
13:15 Feudal Age
13:34 Man-at-Arms
16:28 Wheelbarrow
17:17 Forging
18:38 Town Watch
22:20 Castle Age
21:20 Horse Collar
23:47 Scale Barding Armor
25:19 Bloodlines
25:10 Husbandry
25:47 Chain Barding Armor
27:53 Iron Casting
36:48 Gold Mining
36:53 Stone Mining
44:52 Imperial Age
47:10 Plate Barding Armor
47:37 Blast Furnace
46:43 Heavy Plow
48:29 Hand Cart
48:53 Gold Shaft Mining
局長
5:08 Loom
15:38 Feudal Age
18:41 Double-Bit Axe
21:31 Castle Age
20:30 Fletching
21:25 Stone Mining
40:26 Padded Archer Armor
馬仔
3:52 Loom
16:19 Feudal Age
17:24 Double-Bit Axe
17:27 Fishing Lines
21:35 Castle Age
19:32 Gold Mining
21:09 Scale Mail Armor
20:58 Arson
22:03 Wheelbarrow
21:39 Town Watch
22:26 Squires
22:43 Chain Mail Armor
22:59 Man-at-Arms
26:23 Horse Collar
27:30 Heavy Plow
28:25 Bow Saw
34:00 Imperial Age
32:12 Ballistics
31:54 Padded Archer Armor
31:49 Fletching
33:10 Leather Archer Armor
33:19 Stone Mining
33:46 Bodkin Arrow
34:59 Bracer
36:42 Chemistry
36:36 Conscription
37:40 Ring Archer Armor
40:17 Elite Genoese Crossbowman
45:27 Plate Mail Armor
evi
4:37 Loom
13:28 Feudal Age
17:59 Castle Age
18:44 Double-Bit Axe
19:39 Bow Saw
28:11 Wheelbarrow
29:16 Hand Cart
29:24 Scale Mail Armor
29:21 Stone Mining
29:21 Gold Mining
30:36 Horse Collar
35:27 Imperial Age
34:44 Chain Mail Armor
39:45 Fletching
43:41 Fishing Lines
44:11 Medium Warships
44:46 Gold Shaft Mining
44:25 Forging
45:04 Conscription
45:21 Hand Cart
47:44 Heavy Warships
49:13 Careening
迷途小書童
8:09 Loom
13:13 Feudal Age
17:25 Castle Age
16:03 Horse Collar
18:12 Fletching
23:20 Wheelbarrow
23:46 Padded Archer Armor
26:21 Leather Archer Armor
Connection lost

Rejoining the realm…

Still unreachable

The connection could not be restored.

Session expired

The server has moved on; the page needs a fresh start.